 Dungeon Crawl Stone Soup version 0.27-a0-1200-g94dc6ad4cf (webtiles) character file.

Game seed: 1275914524820482574

5 Delamore the Skirmisher (level 1, -2/14 HPs)
             Began as a Gargoyle Fighter on May 30, 2021.
             Slain by a jackal (3 damage)
             ... on level 1 of the Dungeon.
             The game lasted 00:00:11 (81 turns).

Delamore the Skirmisher (Gargoyle Fighter)            Turns: 81, Time: 00:00:12

Health: -2/14      AC:  9    Str: 19    XL:     1   Next: 80%
Magic:  1/1        EV:  7    Int:  8    God:
Gold:   0          SH:  9    Dex:  9    Spells: 0/0 levels left

rFire    . . .     SeeInvis .   a - +0 flail
rCold    . . .     Faith    .   c - +0 kite shield
rNeg     + . .     Spirit   .   b - +0 scale mail
rPois    ∞         Reflect  .   (no helmet)
rElec    +         Harm     .   (no cloak)
rCorr    .         Rampage  .   (no gloves)
Will     .....                  (no boots)
Stlth    ..........             (no amulet)
HPRegen  0.04/turn              (no ring)
MPRegen  0.07/turn              (no ring)

@: no status effects
A: sickness immunity, AC +2, negative energy resistance 1, electricity
resistance, torment resistance 1, petrification resistance
a: no special abilities


You were on level 1 of the Dungeon.
You visited 1 branch of the dungeon, and saw 1 of its levels.

Inventory:

Hand Weapons
 a - a +0 flail (weapon)
Armour
 b - a +0 scale mail (worn)
 c - a +0 kite shield (worn)
Scrolls
 e - a scroll of teleportation {unknown}
Potions
 d - a potion of might


   Skills:
 + Level 3.4 Fighting
 * Level 2.3 Maces & Flails
 - Level 3.2 Armour
 - Level 3.2 Shields


You couldn't memorise any spells.
You didn't know any spells.
Your spell library contained the following spells:

 Spells                   Type           Power      Damage    Failure   Level
 Corona                   Hex            0%         N/A       99%         1
 Ensorcelled Hibernation  Hex/Ice        0%         N/A       100%        2
 Confusing Touch          Hex            0%         N/A       100%        3
 Dazzling Flash           Conj/Hex       0%         N/A       100%        3
 Tukima's Dance           Hex            0%         N/A       100%        3


Dungeon Overview and Level Annotations

Branches:
Dungeon (1/15)

Altars:


Innate Abilities, Weirdness & Mutations

You are immune to sickness and miasma.
Your stone body is resilient. (AC +2)
You are immune to poison.
You resist negative energy. (rN+)
You are resistant to electric shocks. (rElec)
You are resistant to unholy torment.
You are immune to petrification.


Message History

You block the slug dart.
The jackal bites you but does no damage.
You hit the dart slug.
The dart slug is moderately wounded.
You block the jackal's attack. The kobold barely misses you.
The dart slug bites you but does no damage.
The jackal bites you but does no damage.
The kobold closely misses you.
You hit the dart slug.
The dart slug is severely wounded.
The jackal bites you but does no damage.
The dart slug bites you.
* * * LOW HITPOINT WARNING * * *
You block the jackal's attack. You block the kobold's attack.
You hit the dart slug.
The dart slug is almost dead.
The jackal bites you but does no damage.
The kobold hits you but does no damage. The dart slug launches a dart at you.
The slug dart misses you.
The jackal bites you but does no damage.
You block the kobold's attack.
You hit the dart slug.
The dart slug is almost dead.
The jackal bites you but does no damage.
You block the jackal's attack.
The dart slug bites you but does no damage.
You block the kobold's attack.
You completely miss the dart slug.
The dart slug is almost dead.
You block the jackal's attack. The kobold hits you with a +0 dagger.
* * * LOW HITPOINT WARNING * * *
The jackal closely misses you. You block the dart slug's attack.
The kobold hits you but does no damage.
The jackal bites you but does no damage.
You sock the dart slug!
You kill the dart slug!
The jackal closely misses you. You block the kobold's attack.
The jackal bites you.
You die...

.. #.# ###### ..
#....# .
##.##...?##..
...+...... #
#.#....#
##.###.†)†..#
........†...#
.......@K...#
##......h####
#.....#.#
.#.....#.## ...
#....#.###..###...
#.................
.................
#............... #
#...............


You could see a jackal and a kobold.

Vanquished Creatures
  A dart slug (D:1)
  A goblin (D:1)
  2 jackals (D:1)
  2 rats (D:1)
6 creatures vanquished.

Notes
Turn   | Place    | Note
-------+----------+-------------------------------------------
     0 | D:1      | Delamore the Gargoyle Fighter began the quest for the Orb.
     0 | D:1      | Reached XP level 1. HP: 14/14 MP: 1/1
    81 | D:1      | Slain by a jackal

Illustrated notes

Levels and vault maps discovered:
D:1:      minmay_arrival_checkered_box, layout_basic,
          shapermc_ecumenical_altar_flowoftime

Action                   || total
-------------------------++-------
Melee: Flail             ||    16
Armor: Scale mail        ||    24
Dodge: Dodged            ||    13
Block: Kite shield       ||    23

Table legend: (Time is in decaauts)
 A = Elapsed time spent in this place.
 B = Non-inter-level travel time spent in this place.
 C = Inter-level travel time spent in this place.
 D = Time resting spent in this place.
 E = Time spent auto-exploring this place.
 F = Levels seen in this place.
 G = Mean time per level.
                   A        B        C        D        E       F      G
               +--------+--------+--------+--------+--------+-----+--------+
         Total |     89 |     89 |      0 |      0 |     54 |   1 |   89.0 |
       Dungeon |     89 |     89 |      0 |      0 |     54 |   1 |   89.0 |
               +--------+--------+--------+--------+--------+-----+--------+

Top non-repeatable levels by time:
     D:1: 89 daAuts
